 Dungeon Crawl Stone Soup version 0.27-a0-1359-ga2a4dfd6fd (webtiles) character file.

Game seed: 4539372628191225417

220 kae the Chopper (level 5, -2/48 HPs)
             Began as a Hill Orc Fighter on June 25, 2021.
             Slain by askman's ghost (12 damage)
             ... on level 4 of the Dungeon on June 28, 2021.
             The game lasted 00:02:41 (3601 turns).

kae the Chopper (Hill Orc Fighter)                  Turns: 3601, Time: 00:02:41

Health: -2/48      AC:  6    Str: 20    XL:     5   Next: 97%
Magic:  5/5        EV:  7    Int:  8    God:
Gold:   99         SH:  9    Dex: 10    Spells: 4/4 levels left

rFire    . . .     SeeInvis .   a - +0 war axe
rCold    . . .     Faith    .   c - +0 kite shield
rNeg     + . .     Spirit   .   b - +0 scale mail
rPois    .         Reflect  .   (no helmet)
rElec    .         Harm     .   (no cloak)
rCorr    .         Rampage  .   (no gloves)
Will     .....                  (no boots)
Stlth    ..........             (no amulet)
HPRegen  0.16/turn              f - ring of positive energy
MPRegen  0.09/turn              (no ring)

@: mighty
A: no striking features
a: no special abilities


You were on level 4 of the Dungeon.
You visited 1 branch of the dungeon, and saw 4 of its levels.

You collected 99 gold pieces.

Inventory:

Hand Weapons
 a - a +0 war axe (weapon)
Armour
 b - a +0 scale mail (worn)
 c - a +0 kite shield (worn)
Jewellery
 f - a ring of positive energy (left hand)
 p - a +6 ring of dexterity
Wands
 l - a wand of paralysis (5)
 o - a wand of iceblast (5)
Scrolls
 e - 2 scrolls of identify {unknown}
Potions
 g - a potion of degeneration {unknown}
 h - 2 potions of curing
 i - a potion of brilliance {unknown}
 j - a potion of berserk rage {unknown}
 k - 2 potions of attraction {unknown}
 m - a potion of heal wounds {unknown}
 n - a potion of mutation {unknown}


   Skills:
 + Level 5.2 Fighting
 * Level 6.7 Axes
 - Level 3.2 Armour
 - Level 3.2 Shields


You had 4 spell levels left.
You didn't know any spells.
Your spell library was empty.

Dungeon Overview and Level Annotations

Branches:
Dungeon (4/15)
 Temple: D:4-7

Altars:
Elyvilon
Fedhas
Xom
Zin

Annotations:
D:3 2 transporters
D:4 askman's ghost, amateur DsFi


Message History

You feel sick. The adder barely misses you. The adder closely misses you.
You closely miss the adder.
The adder is almost dead.
You feel sick. The adder bites you but does no damage.
You block the adder's attack.
You barely miss the adder.
The adder is almost dead.
You feel sick. The adder bites you but does no damage.
You hit the adder.
You kill the adder!
You feel sick.
You are no longer poisoned.
You hit askman's ghost.
Askman's ghost is lightly damaged.
You block askman's ghost's attack. Askman's ghost hits you.
You hit askman's ghost but do no damage.
Askman's ghost is lightly damaged.
Askman's ghost screams, "Very impressive.
But it won't help.
Nothing will."
Askman's ghost hits you but does no damage.
You slash askman's ghost!
Askman's ghost is moderately damaged.
Askman's ghost closely misses you. You block askman's ghost's attack.
You barely miss askman's ghost.
Askman's ghost is moderately damaged.
You block askman's ghost's attack.
Your shield and scale mail prevent you from hitting askman's ghost.
Askman's ghost is moderately damaged.
Askman's ghost hits you.
You barely miss askman's ghost.
Askman's ghost is moderately damaged.
Askman's ghost hits you. Askman's ghost hits you!
* * * LOW HITPOINT WARNING * * *
You slice askman's ghost!!
Askman's ghost is severely damaged.
Askman's ghost hits you but does no damage.
You hit askman's ghost.
Askman's ghost is severely damaged.
Askman's ghost wails.
Askman's ghost hits you!
You die...

#### ###≈≈≈ #...
######.# #......# ###
#.#@#..###.##
############W#..##...##
.........<.#≈#........#
#
.........###≈#.###...##
#..##...##.# #≈###
##.## #..#.....#.# #$#
#.# #..........# #≈#
#.# #..........#
########.# ...........#
#......#.#


You could see askman's ghost.

Vanquished Creatures
  Ijyb (D:3)
  Natasha (thrice) (D:3)
  6 adders
  A worm (D:3)
  An orc (D:3)
  7 ball pythons
  6 bats
  9 endoplasms
  7 goblins
  A hobgoblin (D:1)
  7 jackals
  A kobold (D:2)
  2 quokkas
  3 frilled lizards
  6 rats
61 creatures vanquished.

Vanquished Creatures (others)
  A hobgoblin (D:3)
  7 plants (D:3)
  14 withered plants (D:3)
22 creatures vanquished.

Grand Total: 83 creatures vanquished

Notes
Turn   | Place    | Note
-------+----------+-------------------------------------------
     0 | D:1      | kae the Hill Orc Fighter began the quest for the Orb.
     0 | D:1      | Reached XP level 1. HP: 19/19 MP: 1/1
    74 | D:1      | Reached skill level 3 in Axes
   276 | D:1      | Reached XP level 2. HP: 13/27 MP: 2/2
   788 | D:1      | Reached skill level 4 in Axes
   900 | D:1      | Reached XP level 3. HP: 33/33 MP: 3/3
  1896 | D:3      | Upgraded the game from 0.27-a0-1332-g84bddb5ca7 to
                  | 0.27-a0-1359-ga2a4dfd6fd
  1898 | D:3      | Reached XP level 4. HP: 41/41 MP: 4/4
  1952 | D:3      | Found a shimmering altar of Xom.
  1952 | D:3      | Noticed an angel
  1955 | D:3      | Found a glowing silver altar of Zin.
  1965 | D:3      | Reached skill level 5 in Axes
  2247 | D:3      | Noticed Ijyb
  2257 | D:3      | Killed Ijyb
  2325 | D:3      | Found a blossoming altar of Fedhas.
  2373 | D:3      | Reached XP level 5. HP: 11/47 MP: 5/5
  2655 | D:3      | Noticed Natasha
  2662 | D:3      | Killed Natasha
  2663 | D:3      | Reached skill level 6 in Axes
  2674 | D:3      | Found a faded altar of an unknown god.
  2824 | D:3      | Found a white marble altar of Elyvilon.
  2824 | D:3      | Found a transporter.
  2825 | D:3      | Noticed a sky beast
  2826 | D:3      | Noticed an ogre
  2828 | D:3      | Noticed Natasha
  2835 | D:3      | Killed Natasha
  2836 | D:3      | Reached skill level 5 in Fighting
  2906 | D:3      | Found a transporter.
  3099 | D:3      | Noticed Natasha
  3105 | D:3      | Killed Natasha
  3120 | D:3      | Found a shimmering altar of Xom.
  3128 | D:3      | Found a blossoming altar of Fedhas.
  3221 | D:3      | Found a white marble altar of Elyvilon.
  3221 | D:3      | Found a transporter.
  3241 | D:3      | Found a transporter.
  3281 | D:3      | Found a glowing silver altar of Zin.
  3418 | D:3      | Found a faded altar of an unknown god.
  3529 | D:4      | Found a runed translucent door.
  3580 | D:4      | Noticed askman's ghost (amateur DsFi)
  3601 | D:4      | Slain by askman's ghost

Illustrated notes

Levels and vault maps discovered:
D:1:      dpeg_arrival_tiny_i, layout_loops_cross
D:2:      layout_loops_ring
D:3:      layout_rooms, grunt_temple_overflow_order_and_chaos_1,
          general_overflow_altar, gammafunk_temple_overflow_arena,
          shapermc_ecumenical_altar_flowoftime, uniq_ijyb, uniq_natasha
D:4:      layout_loops_ring, nicolae_ru_awakened_eye, temple_green,
          ebering_ghost_sewer_d, amcnicky_mini_rare_corridor_liquid

Skill      XL: |  1  2  3  4  5 |
---------------+----------------+-----
Axes           | 3 4 5 6 |  6.7
Fighting       | 4 5 |  5.2
Armour         | |  3.2
Shields        | |  3.2

Action                   |  1- 3 |  4- 6 || total
-------------------------+-------+-------++-------
Melee: War axe           |    97 |   122 ||   219
  Use: Scroll            |     4 |     2 ||     6
       Potion            |     1 |     2 ||     3
Armor: Scale mail        |    49 |    44 ||    93
Dodge: Dodged            |    42 |    39 ||    81
Block: Kite shield       |    58 |    55 ||   113

Table legend: (Time is in decaauts)
 A = Elapsed time spent in this place.
 B = Non-inter-level travel time spent in this place.
 C = Inter-level travel time spent in this place.
 D = Time resting spent in this place.
 E = Time spent auto-exploring this place.
 F = Levels seen in this place.
 G = Mean time per level.
                   A        B        C        D        E       F      G
               +--------+--------+--------+--------+--------+-----+--------+
         Total |   3712 |   3630 |     82 |    166 |   2898 |   4 |  928.0 |
       Dungeon |   3712 |   3630 |     82 |    166 |   2898 |   4 |  928.0 |
               +--------+--------+--------+--------+--------+-----+--------+

Top non-repeatable levels by time:
     D:3: 1687 daAuts
     D:1: 1169 daAuts
     D:2: 776 daAuts
     D:4: 78 daAuts
